 Dungeon Crawl Stone Soup version 0.14-a0-736-g2a71271 (webtiles) character file.

154 Malachi the Ruffian (level 3, 0/28 HPs)
             Began as a Draconian Transmuter on Nov 7, 2013.
             Slain by Malachi's ghost (10 damage)
             ... on Level 3 of the Dungeon.
             The game lasted 00:02:18 (1938 turns).

Malachi the Ruffian (Draconian Transmuter)          Turns: 1938, Time: 00:02:19

HP   0/28        AC  5     Str 12      XL: 3   Next: 48%
MP   4/4         EV 12     Int 14      God:
Gold 107         SH  0     Dex 11      Spells:  3 memorised,  0 levels left

Res.Fire  : . . .   See Invis. : .     - Unarmed
Res.Cold  : . . .   Warding    : .   (armour unavailable)
Life Prot.: . . .   Conserve   : .   (no shield)
Res.Poison: .       Res.Corr.  : .   (helmet restricted)
Res.Elec. : .       Clarity    : .   (no cloak)
Sust.Abil.: . .     Spirit.Shd : .   (no gloves)
Res.Mut.  : .       Stasis     : .   (no boots)
Res.Rott. : .       Flight     : .   (no amulet)
Saprovore : . . .                    (no ring)
                                     (no ring)

@: not resistant to hostile enchantments, unstealthy
A: unfitting armour, AC +5
a: no special abilities


You were on level 3 of the Dungeon.
You were hungry.

You visited 1 branch of the dungeon, and saw 3 of its levels.

You collected 107 gold pieces.

Inventory:

Missiles
 b - 30 arrows
Comestibles
 a - 2 bread rations
 c - 2 meat rations
 f - a choko
 j - a pear
 o - a banana
 r - 2 chunks of orc flesh
Scrolls
 g - a scroll of remove curse {unknown}
 h - 4 scrolls of magic mapping {unknown}
 k - a scroll of identify {unknown}
 m - a scroll of enchant weapon I {unknown}
 n - a scroll of random uselessness {unknown}
 p - a scroll of fog {unknown}
Jewellery
 i - an uncursed ring of protection from fire {unknown}
Potions
 e - a potion of brilliance {unknown}
 l - a potion of heal wounds {unknown}
 q - a potion of curing {unknown}
Books
 d - a book of Changes

   Spells                             Type                      Level
   *Beastly Appendage                 Transmutation                1
   *Sticks to Snakes                  Transmutation                2
   *Spider Form                       Transmutation/Poison         3
   Ice Form                           Ice/Transmutation            4
   Blade Hands                        Transmutation                5


   Skills:
 + Level 1.4 Fighting
 + Level 2.1 Dodging
 + Level 3.9 Unarmed Combat
 - Level 2.0 Spellcasting
 * Level 2.3 Transmutations
 * Level 0.4 Poison Magic


You couldn't memorise any spells.
You knew the following spells:

 Your Spells              Type           Power        Failure   Level  Hunger
a - Beastly Appendage     Trmt           #.....       12%         1    ##.....
b - Sticks to Snakes      Trmt           #.........   17%         2    ###....
c - Spider Form           Trmt/Pois      #.........   47%         3    ####...


Dungeon Overview and Level Annotations

Branches:
Dungeon (3/27)

Altars:
Sif Muna

Annotations:
D:3 Malachi's ghost, average DrTm


Message History

You kill the giant newt!
Malachi's ghost hits you.
You see here a giant newt corpse.
Malachi's ghost swings its fists at you.
You hit Malachi's ghost.
You tail-slap Malachi's ghost, but do no damage.
Malachi's ghost is lightly damaged.
Malachi's ghost barely misses you.
You closely miss Malachi's ghost. You tail-slap Malachi's ghost.
Malachi's ghost is lightly damaged.
Malachi's ghost hits you but does no damage.
You closely miss Malachi's ghost.
Malachi's ghost is lightly damaged.
You closely miss Malachi's ghost.
Malachi's ghost is lightly damaged.
Malachi's ghost hits you.
You closely miss Malachi's ghost.
Malachi's ghost is lightly damaged.
Malachi's ghost hits you!
You die...

... #.....# .
#.....## ..
#...... ....
#.....# ...#
#..... ...# #....
#...#
##..#######....#
#........p@....#
#..########....#
#..# ..)..# #..#
.#..##
##..########.#..#
#.....%....#.# .#
#..........#.# #
#..........#.#
#........p.#?


You could see Malachi's ghost.

Vanquished Creatures
  An adder (D:2)
  An orc (D:3)
  5 bats
  10 goblins
  7 hobgoblins
  2 jackals (D:2)
  2 giant newts
  5 kobolds
  6 rats
39 creatures vanquished.

Notes
Turn   | Place    | Note
--------------------------------------------------------------
     0 | D:1      | Malachi, the Draconian Transmuter, began the quest for the Orb.
     0 | D:1      | Reached XP level 1. HP: 16/16 MP: 1/1
   475 | D:1      | Reached XP level 2. HP: 21/23 MP: 0/3
  1194 | D:2      | Found a deep blue altar of Sif Muna.
  1308 | D:2      | Reached XP level 3. HP: 19/28 MP: 2/4
  1612 | D:2      | Learned a level 2 spell: Sticks to Snakes
  1618 | D:2      | Learned a level 3 spell: Spider Form
  1914 | D:3      | Noticed Malachi's ghost (average DrTm)
  1938 | D:3      | Slain by Malachi's ghost

Action                   || total
-------------------------++-------
Melee: Unarmed           ||   170
 Cast: Beastly Appendage ||     8
